 Dungeon Crawl Stone Soup version 0.17-a0-1713-gdf939a4 (console) character file.

55710 Monkaria the Acrobat (level 14, 0/70 HPs)
             Began as a Felid Berserker on Aug 23, 2015.
             Was the Champion of Trog.
             Killed by divine providence
             ... invoked by an orc priest
              (17 damage)
             ... on level 4 of the Orcish Mines.
             The game lasted 01:20:22 (35432 turns).

Monkaria the Acrobat (Felid Berserker)             Turns: 35432, Time: 01:20:23

Health: 0/70       AC:  5    Str: 16    XL:     14   Next: 39%
Magic:  21/21      EV: 37    Int: 13    God:    Trog [******]
Gold:   2777       SH:  0    Dex: 20    Spells: 0 memorised, 13 levels left
                                        Lives:  0   Deaths: 4

rFire  + . .     SeeInvis +       - Unarmed
rCold  + + .     Clarity  .     (armour unavailable)
rNeg   . . .     SustAt   .     (shield unavailable)
rPois  .         Gourm    .     (helmet unavailable)
rElec  .         Spirit   .     (cloak unavailable)
rCorr  .         Warding  .     (gloves unavailable)
rMut   .         Stasis   .     (boots unavailable)
MR     ++++.                    (no amulet)
Stlth  +++++++++.               I - +3 ring of strength
                                n - ring of invisibility

@: regenerating, studying Dodging, quick, incredibly resistant to hostile
enchantments, incredibly stealthy
A: no armour, no weapons or thrown items, claws 1, fangs 3, yellow scales 1, see
invisible, agile 1, carnivore 3, clever 2, cold resistance 1, fire resistance 1,
speed 1, shaggy fur 3, slow metabolism 1, weak 1, evolution 1, sharp paws
a: Burn Spellbooks, Berserk, Trog's Hand, Brothers in Arms, Renounce Religion,
Evoke Invisibility


You were on level 4 of the Orcish Mines.
You worshipped Trog.
Trog was exalted by your worship.
You were completely stuffed.

You visited 4 branches of the dungeon, and saw 25 of its levels.
You also visited: Ice Cave.

You collected 2777 gold pieces.

Inventory:

Jewellery
 n - a ring of invisibility (left paw)
 I - a +3 ring of strength (right paw)
Magical devices
 b - a wand of random effects (24)
 o - a wand of draining (6)
 t - a wand of enslavement (8)
 B - a wand of heal wounds (4)
 H - a wand of paralysis (0)
 O - a wand of confusion (18)
 V - a wand of frost (44)
 Z - a wand of fireball (13)
Scrolls
 c - a scroll of fear
 f - 9 scrolls of teleportation
 g - 4 scrolls of fog
 k - 10 scrolls of remove curse
 w - a scroll of noise
 A - a scroll of summoning {unknown}
 L - 2 scrolls of blinking
 P - a scroll of torment {unknown}
 X - a scroll of acquirement {unknown}
Potions
 e - 5 potions of heal wounds
 h - 2 potions of lignification
 i - 5 potions of curing
 j - 2 potions of magic
 l - a potion of ambrosia {unknown}
 m - a potion of invisibility {unknown}
 r - a potion of cancellation
 v - a potion of agility
 C - 3 potions of haste {unknown}
 D - 3 potions of might {unknown}
 E - 3 potions of brilliance {unknown}
 J - a potion of flight {unknown}
 N - a potion of berserk rage {unknown}
 Q - a potion of cure mutation {unknown}
Books
 F - a manual of Dodging
 R - a book of Cantrips

   Spells                             Type                      Level
   a - Corona                         Hexes                        1
   b - Animate Skeleton               Necromancy                   1
   c - Summon Small Mammal            Summoning                    1
   d - Apportation                    Translocation                1
   Trog disapproves of the use of such an item.
 S - the Handbook of Transformation
   (You found it on level 11 of the Dungeon)

   Spells                             Type                      Level
   a - Sticks to Snakes               Transmutation                2
   b - Spider Form                    Transmutation/Poison         3
   c - Ice Form                       Ice/Transmutation            4
   d - Petrify                        Transmutation/Earth          4
   e - Hydra Form                     Transmutation                6
   Trog disapproves of the use of such an item.
Miscellaneous
 U - a box of beasts
Comestibles
 a - 7 meat rations
 d - 7 chunks of flesh


   Skills:
 - Level 13.0 Fighting
 + Level 21.1 Dodging
 - Level 19.3 Stealth
 - Level 9.1 Unarmed Combat
 - Level 8.2 Evocations


You had 13 spell levels left.
You didn't know any spells.

Dungeon Overview and Level Annotations

Branches:
Dungeon (12/15)            Temple (1/1) D:5            Lair (8/8) D:8
  Swamp (0/4) Lair:5        Snake (0/4) Lair:5        Slime (0/6) Lair:7
    Orc (4/4) D:10            Elf (0/3) Orc:4

Altars:
Ashenzari
Cheibriados
Dithmenos
Elyvilon
Fedhas
Gozag
Kikubaaqudgha
Makhleb
Nemelex Xobeh
Okawaru
Qazlal
Ru
Sif Muna
Trog
Vehumet
Xom
Yredelemnul
Zin
The Shining One
Beogh
Jiyva

Shops:
D:2 *   D:12 [

Portals:
Hell: Lair:8

Annotations:
D:12 1 runed door


Innate Abilities, Weirdness & Mutations

You cannot wear armour.
You are incapable of wielding weapons or throwing items.
You have sharp claws.
You have razor-sharp teeth.
You have supernaturally acute eyesight.
You are carnivorous and can eat meat at any time.
You cover ground quickly.
Your thick and shaggy fur keeps you warm (AC +3, rC+).
You have a slow metabolism.
Your sharp claws are effective at attacking unaware monsters.
You are partially covered in yellow scales (AC +2).
You are agile. (Dex +2)
Your mind is very acute. (Int +4)
Your flesh is cold resistant.
Your flesh is heat resistant.
You are weak. (Str -2)
You evolve.


Message History

The orc priest miscasts a cantrip.
The orc completely misses you.
The orc high priest invokes the aid of Beogh against you.
Something smites you!
You claw the orc warlord! You bite the orc warlord.
The orc warlord is moderately wounded.
The orc warlord hits you with a dire flail of crushing!
* * * LOW HITPOINT WARNING * * *
x2 The blue devil closely misses you.
The orc closely misses you.
The orc high priest completely misses you.
Use which ability? (? or * to list)
Your skin crawls.
You feel resistant to hostile enchantments.
You feel slightly less full. The blue devil completely misses you.
The orc warlord completely misses you. The orc hits you but does no damage.
The orc high priest closely misses you. The blue devil completely misses you.
The orc warlord completely misses you.
The orc priest mumbles some strange prayers to Beogh against something.
Something smites you!
You die...

##########.##.............
###......................o..
##...##########..##.#....))<.
##..### #...###.###.....(...
#..## #... #..###.)[.....
#..# #. #...####.[##........
#.##
8##'###'##8.#))....#..... #.#
........[...).8.......... #.#
....o8.o@[[.'............ #.#
....oooo4(..[.8.....#....
#.##
8##'###'##8.#.[#.........
#).# #. #...####.####.......
#..## #... #).####.......
##..### #...###[###.....####
##...##########..##......#)_)
###............####..#..#).)
##.#.....##...##......#.).


You could see an orc warlord, an orc high priest (frenzied), a blue devil, an
orc priest (frenzied), an orc wizard (frenzied) and 2 orcs.

Vanquished Creatures
  Gastronok (D:8)
  Nessos (Lair:7)
  A dire elephant (Lair:8)
  Harold (Lair:3)
  7 hydras
  Erolcha (Orc:2)
  5 death yaks
  2 catoblepae
  An orc high priest (Orc:2)
  A queen ant (Lair:7)
  Urug (D:12)
  An ogre mage (D:11)
  Sonja (Lair:3)
  A sun demon (Lair:8)
  An unseen horror (D:12)
  4 hill giants
  2 ice statues (IceCv)
  A wizard (Lair:8)
  Pikel (D:5)
  2 orc knights
  A necromancer (IceCv)
  3 orc sorcerers
  A lindwurm (Lair:7)
  5 ugly things
  A sixfirhy (Lair:8)
  A smoke demon (Lair:8)
  15 elephants
  2 black mambas (Lair:1)
  The ghost of Enroth the Cleaver, an experienced HOFi (D:6)
  Psyche (D:9)
  32 spiny frogs
  3 orange demons (Lair:8)
  A torpor snail (Lair:4)
  5 fire drakes
  7 blue devils
  7 komodo dragons
  22 blink frogs
  2 two-headed ogres
  5 red devils (Lair:8)
  A polar bear (Lair:7)
  8 trolls
  Prince Ribbit (D:5)
  A boulder beetle (Lair:8)
  3 slime creatures
  Sigmund (D:5)
  4 basilisks
  A spriggan (D:8)
  A deep elf mage (D:11)
  46 yaks
  A wyvern (D:6)
  12 hippogriffs
  4 vampire mosquitoes (D:12)
  A wraith (D:10)
  2 nagas (Lair:5)
  Menkaure (D:5)
  2 wargs
  18 water moccasins
  11 soldier ants (Lair:7)
  7 wolves
  7 swamp worms (Lair:2)
  33 orc warriors
  5 wasps
  A hell hound (Lair:8)
  A slave (D:5)
  3 ice beasts
  11 porcupines
  12 ogres
  3 black bears
  3 phantoms
  3 sky beasts
  8 centaurs
  The ghost of chimenez the Shield-Bearer, an average GrFi (D:3)
  18 crocodiles
  A big kobold (D:12)
  2 brain worms (Lair:2)
  16 giant frogs
  2 scorpions
  5 crimson imps
  3 electric eels (D:8)
  A centaur zombie (D:8)
  11 hounds
  37 orc priests
  3 giant frog skeletons
  A draconian simulacrum (IceCv)
  A jelly (D:9)
  3 centaur skeletons
  7 iguanas
  32 orc wizards
  4 troll simulacra (IceCv)
  24 worker ants
  2 centaur simulacra (IceCv)
  15 sheep
  A worker ant zombie (D:8)
  18 adders
  4 gnolls
  101 river rats
  2 naga simulacra (IceCv)
  An ogre simulacrum (IceCv)
  4 shadow imps
  An ooze (D:1)
  An adder skeleton (D:4)
  An adder zombie (D:9)
  13 worms
  5 giant geckos
  235 orcs
  8 bats
  2 giant cockroaches
  11 hobgoblins
  15 kobolds
  7 quokkas
  A giant gecko skeleton (D:4)
  2 giant newts
  8 goblins
  5 jackals
  A jackal zombie (D:8)
  A quokka skeleton (D:8)
  7 rats
  A rat zombie (D:8)
  A plant (Lair:2)
1013 creatures vanquished.

Vanquished Creatures (collateral kills)
  A hydra (Lair:8)
  A death yak (Lair:8)
  7 elephants
  A spiny frog (Lair:8)
  A blink frog (Lair:7)
  2 yaks
  A wolf (Lair:3)
  A porcupine (Lair:5)
  An orc warrior (D:10)
  2 orc priests (D:10)
  2 orcs (D:10)
20 creatures vanquished.

Vanquished Creatures (others)
  A water moccasin (D:10)
  A crocodile (Lair:7)
  3 river rats (Lair:7)
  An adder (D:2)
  2 orcs
  43 fungi
  20 plants
71 creatures vanquished.

Grand Total: 1104 creatures vanquished

Notes
Turn   | Place    | Note
--------------------------------------------------------------
     0 | D:1      | Monkaria the Felid Berserker began the quest for the Orb.
     0 | D:1      | Reached XP level 1. HP: 10/10 MP: 2/2
   198 | D:1      | Reached XP level 2. HP: 14/14 MP: 3/3
   460 | D:1      | Reached XP level 3. HP: 15/17 MP: 4/4
   502 | D:1      | Reached skill level 1 in Stealth
   537 | D:1      | Acquired Trog's second power
   773 | D:2      | Found an opulent altar of Gozag.
   774 | D:2      | Found Gozag's Platinum Reserve.
   823 | D:2      | Found a glowing silver altar of Zin.
  1225 | D:2      | Found a sparkling altar of Nemelex Xobeh.
  1320 | D:2      | Reached XP level 4. HP: 21/21 MP: 5/5
  2194 | D:3      | Noticed chimenez's ghost (average GrFi)
  2211 | D:3      | Killed chimenez's ghost
  2211 | D:3      | Reached skill level 6 in Stealth
  2211 | D:3      | Reached XP level 5. HP: 16/24 MP: 4/6
  2412 | D:3      | Found a sacrificial altar of Ru.
  2634 | D:3      | Found a burning altar of Makhleb.
  2638 | D:3      | Reached skill level 7 in Stealth
  2798 | D:3      | Gained mutation: You are covered in thick fur (AC +2). [Felid growth]
  2798 | D:3      | Reached XP level 6. HP: 28/28 MP: 7/7
  3086 | D:4      | Found a stormy altar of Qazlal.
  3089 | D:4      | Found a white marble altar of Elyvilon.
  3145 | D:4      | Reached skill level 8 in Stealth
  3330 | D:4      | Found a sparkling altar of Nemelex Xobeh.
  3331 | D:4      | Found a radiant altar of Vehumet.
  3335 | D:4      | Found a bloodstained altar of Trog.
  3566 | D:4      | Killed from afar by an orc wizard
  3567 | D:4      | Reached XP level 5. HP: 0/24 MP: 6/6
  3634 | D:4      | Found a burning altar of Makhleb.
  3828 | D:5      | Entered Level 5 of the Dungeon
  3828 | D:5      | Noticed Sigmund
  3831 | D:5      | Killed Sigmund
  3831 | D:5      | Reached skill level 9 in Stealth
  3831 | D:5      | Reached XP level 6. HP: 28/28 MP: 7/7
  3839 | D:5      | Reached skill level 10 in Stealth
  4045 | D:5      | Noticed a sky beast
  4052 | D:5      | Found a staircase to the Ecumenical Temple.
  4054 | D:5      | Killed a sky beast
  4079 | D:5      | Noticed Menkaure
  4240 | Temple   | Entered the Ecumenical Temple
  4386 | D:5      | Killed Menkaure
  4386 | D:5      | Reached XP level 7. HP: 28/31 MP: 8/11
  4457 | D:5      | Noticed Prince Ribbit
  4466 | D:5      | Noticed an ogre
  4490 | D:5      | Killed an ogre
  4655 | D:5      | Killed Prince Ribbit
  4700 | D:5      | Noticed a slave
  4723 | D:5      | Killed a slave
  4843 | D:5      | Noticed Pikel
  4843 | D:5      | Noticed a slave
  4844 | D:5      | Noticed a slave
  4851 | D:5      | Noticed a slave
  4883 | D:5      | Killed Pikel
  4883 | D:5      | Reached XP level 8. HP: 28/34 MP: 13/13
  5083 | D:6      | Noticed Enroth's ghost (experienced HOFi)
  5097 | D:6      | Killed Enroth's ghost
  5482 | D:6      | Reached skill level 10 in Dodging
  5549 | D:6      | Reached XP level 9. HP: 37/37 MP: 14/14
  5874 | D:6      | Reached skill level 11 in Stealth
  5890 | D:6      | Found a deep blue altar of Sif Muna.
  6761 | D:7      | Reached skill level 12 in Stealth
  7162 | D:8      | Reached skill level 13 in Stealth
  7302 | D:8      | Found a shattered altar of Ashenzari.
  7445 | D:8      | Found a staircase to the Lair.
  7483 | D:8      | Reached skill level 14 in Stealth
  7839 | D:8      | Acquired Trog's third power
  8116 | D:8      | Reached XP level 10. HP: 42/42 MP: 15/15
  8192 | D:8      | Reached skill level 15 in Stealth
  8388 | D:8      | Found an ancient bone altar of Kikubaaqudgha.
  8626 | D:8      | Found a basalt altar of Yredelemnul.
  8651 | D:8      | Noticed Gastronok
  9045 | D:8      | Killed Gastronok
  9421 | D:9      | Noticed a hill giant
  9428 | D:9      | Killed a hill giant
  9867 | D:9      | Noticed Psyche
  9882 | D:9      | Reached skill level 5 in Unarmed Combat
  9968 | D:9      | Killed Psyche
  9968 | D:9      | Reached XP level 11. HP: 51/51 MP: 16/16
 10701 | D:9      | Gained mutation: You are partially covered in yellow scales (AC +2). [mutagenic meat]
 10702 | D:9      | Gained mutation: You evolve. [mutagenic meat]
 10703 | D:9      | Gained mutation: Your mind is acute. (Int +2) [mutagenic meat]
 10733 | D:10     | Entered Level 10 of the Dungeon
 11028 | D:10     | Reached skill level 16 in Stealth
 11558 | D:10     | Noticed a hill giant
 11574 | D:10     | Killed a hill giant
 11854 | D:10     | Noticed a hill giant
 11911 | D:10     | Killed a hill giant
 12394 | D:10     | Found a roughly hewn altar of Beogh.
 12395 | D:10     | Found a staircase to the Orcish Mines.
 12991 | D:11     | Gained mutation: Your flesh is cold resistant. [evolution]
 13118 | D:11     | Noticed an ogre mage
 13133 | D:11     | Gained mutation: Your thick and shaggy fur keeps you warm (AC +3, rC+). [Felid growth]
 13133 | D:11     | Reached XP level 12. HP: 37/57 MP: 17/17
 13375 | D:11     | Identified the Handbook of Transformation
 13402 | D:11     | Killed an ogre mage
 13639 | D:12     | Reached skill level 17 in Stealth
 13644 | D:12     | Noticed a catoblepas
 13669 | D:12     | Killed from afar by a catoblepas
 13670 | D:12     | Reached XP level 11. HP: -3/53 MP: 16/16
 14019 | D:11     | Noticed a hill giant
 14028 | D:11     | Killed a hill giant
 14052 | D:11     | HP: 2/53 [white ugly thing (4)]
 14059 | D:11     | Slain by a white ugly thing
 14060 | D:11     | Reached XP level 10. HP: -2/49 MP: 15/15
 14176 | D:12     | Found Geath's Antique Armour Boutique.
 14426 | D:11     | Reached skill level 18 in Stealth
 14693 | D:12     | Paralysed by a wasp for 1 turns
 14769 | D:11     | Gained mutation: You are clumsy. (Dex -2) [mutagenic meat]
 14770 | D:11     | Gained mutation: You are weak. (Str -2) [mutagenic meat]
 14806 | D:11     | Gained mutation: Your mind is very acute. (Int +4) [evolution]
 15051 | D:12     | Reached XP level 11. HP: 53/53 MP: 16/16
 15213 | D:12     | Killed a catoblepas
 15264 | D:12     | Found a glowing silver altar of Zin.
 15264 | D:12     | Found a runed door.
 15264 | D:12     | Noticed an angel
 15328 | D:12     | Noticed Urug
 15815 | D:12     | Killed Urug
 16137 | Lair:1   | Entered Level 1 of the Lair of Beasts
 17452 | Lair:2   | Gained mutation: Your flesh is heat resistant. [evolution]
 18160 | Lair:2   | Reached skill level 15 in Dodging
 18169 | Lair:2   | Reached XP level 12. HP: 57/57 MP: 17/17
 19062 | Lair:3   | Noticed Harold
 19075 | Lair:3   | Killed Harold
 19167 | Lair:3   | Noticed Sonja
 19202 | Lair:3   | Killed Sonja
 20246 | Lair:3   | You fall through a shaft for 2 floors!
 20247 | Lair:5   | Found a staircase to the Swamp.
 20289 | Lair:5   | Reached skill level 10 in Fighting
 20313 | Lair:5   | Noticed a five-headed hydra
 20327 | Lair:5   | Killed a five-headed hydra
 20525 | Lair:5   | Found a staircase to the Snake Pit.
 21109 | Lair:5   | Noticed a four-headed hydra
 21154 | Lair:5   | Killed a four-headed hydra
 21154 | Lair:5   | Reached XP level 13. HP: 63/63 MP: 18/20
 22291 | Lair:4   | Lost mutation: You are clumsy. (Dex -2) [evolution]
 25290 | Lair:7   | Found a staircase to the Slime Pits.
 25290 | Lair:7   | Found a viscous altar of Jiyva.
 25315 | Lair:7   | Noticed Nessos
 25378 | Lair:7   | Found a frozen archway.
 25387 | IceCv    | Entered an ice cave
 26593 | IceCv    | Reached XP level 14. HP: 70/70 MP: 18/21
 27030 | Lair:7   | Gained mutation: You have a pair of small horns on your head. [evolution]
 27496 | Lair:7   | Reached skill level 19 in Stealth
 27644 | Lair:7   | HP: 1/70 [crocodile (9)]
 27661 | Lair:7   | HP: 1/70 [Nessos/poisoned arrow (18)]
 27661 | Lair:7   | Shot with a poisoned arrow by Nessos
 27662 | Lair:7   | Reached XP level 13. HP: -3/66 MP: 20/20
 28337 | Lair:7   | Killed Nessos
 28550 | Lair:8   | Entered Level 8 of the Lair of Beasts
 28919 | Lair:7   | Lost mutation: You have a pair of small horns on your head. [evolution]
 29947 | Lair:8   | Noticed a dire elephant
 29970 | Lair:8   | Killed a dire elephant
 30400 | Lair:8   | Found a burning altar of Makhleb.
 30409 | Lair:8   | Found a gateway to Hell.
 30414 | Lair:8   | Reached XP level 14. HP: 70/70 MP: 21/21
 31349 | Orc:1    | Entered Level 1 of the Orcish Mines
 31543 | Orc:1    | Found a roughly hewn altar of Beogh.
 32493 | Orc:3    | Reached skill level 20 in Dodging
 33768 | Orc:2    | Noticed Erolcha
 33771 | Orc:2    | Killed Erolcha
 33880 | Orc:1    | Found a bloodstained altar of Trog.
 33966 | Orc:4    | Entered Level 4 of the Orcish Mines
 34008 | Orc:4    | Found a staircase to the Elven Halls.
 34874 | Orc:4    | Reached skill level 21 in Dodging
 35001 | Orc:4    | Noticed an orc warlord
 35305 | Orc:4    | Gained mutation: You are agile. (Dex +2) [evolution]
 35369 | Orc:4    | Found a roughly hewn altar of Beogh.
 35432 | Orc:4    | Killed from afar by an orc priest

Vault maps used:
D:1:      lightli_arrival_noodles, minmay_statues_item
D:2:      lemuel_upstairs_altar, nicolae_gozag_zags_fifth_avenue,
          old_standard_altar, nemelex_altar_shiori
D:3:      wad_lake_hut, nicolae_ru_sacrificial_ziggurat, makhleb_grotto_becter
D:4:      grunt_temple_overflow_open, first_bread, bloody_makhleb
D:5:      minmay_temple_entry_water_ring, uniq_sigmund, uniq_pikel,
          uniq_prince_ribbit1, uniq_menkaure
D:6:      lemuel_blue_sif_altar
D:8:      lemuel_zombie_altar_kikubaaqudgha, nicolae_overflow_crystal_walls,
          yredelemnul_altar_generic, erik_lair_island, the_bakery,
          uniq_gastronok
D:9:      uniq_psyche
D:10:     david_orc_5
D:12:     serial_shops, nicolae_shop_stone, lemuel_angel_altar, uniq_urug
Temple:   temple_of_Zot_ovaries
Lair:1:   grunt_megastairs_3
Lair:2:   minmay_lair_venomous_thicket, worms_lemuel
Lair:3:   uniq_sonja, uniq_harold
Lair:5:   swamp_mist, guppyfry_snake_entry_island
Lair:6:   beast_lair_carwin_6
Lair:7:   slime_altar_1, portal_ice_cave_entry_pillars_02,
          minmay_another_anthill, uniq_nessos
Lair:8:   evil_forest, minivault_25
Orc:1:    basic_altar, trog_butcher_becter
Orc:2:    uniq_erolcha
Orc:3:    nicolae_orc_pool_cavern
Orc:4:    grunt_orc_community_town_hall, grunt_orc_community_big_house_2,
          grunt_orc_community_big_house_1, grunt_orc_community_house_2,
          grunt_orc_community_house_1, grunt_orc_community_house_2,
          grunt_orc_community_house_3
IceCv:    ice_cave_tombish

Action                   |  1- 3 |  4- 6 |  7- 9 | 10-12 | 13-15 || total
-------------------------+-------+-------+-------+-------+-------++-------
Melee: Unarmed           |    92 |   150 |   241 |  1188 |  1461 ||  3132
Invok: Berserk           |     1 |     3 |     9 |    61 |    41 ||   115
       Trog's Hand       |     1 |     2 |    11 |    39 |    25 ||    78
       Brothers in Arms  |       |       |       |     5 |     8 ||    13
 Abil: Evoke Invisibilit |       |     2 |     3 |    13 |    12 ||    30
Evoke: Wand              |       |       |       |    15 |     7 ||    22
  Use: Scroll            |       |     3 |     1 |     7 |    19 ||    30
       Potion            |       |       |       |     1 |     4 ||     5
 Stab: Sleeping          |     9 |    21 |    18 |    64 |    98 ||   210
       Invisible         |       |     4 |     2 |    13 |     4 ||    23
       Distracted        |       |       |     1 |    12 |    14 ||    27
       Paralysed         |       |       |       |     1 |     1 ||     2
       Confused          |       |       |       |     1 |       ||     1
  Eat: Chunk             |     9 |    13 |    22 |   107 |    81 ||   232
       Meat ration       |       |       |       |     1 |     1 ||     2
       Pizza             |       |       |       |     1 |       ||     1
